Unix NetHack Version 3.7.0-83 Work-in-progress - last build Apr 28 2023 12:05:44 (2625824c38750939014cf799bb7ff71c9e9c2d48,branch:master). Game began 2023-05-01 12:19:55, ended 2023-05-01 12:23:35. tromix, lawful male human Priest ------- ---- ..@.<*. .G.... .G----- -- Tromix the Aspirant St:11 Dx:11 Co:13 In:12 Wi:18 Ch:11 Lawful Dlvl:3 $:7 HP:0(14) Pw:7(7) AC:7 Exp:1 T:617 Latest messages: What do you want to write with? [- ajkmnqst or ?*] - You write in the dust with your fingertip. What do you want to write in the dust here? E What do you want to write with? [- ajkmnqst or ?*] t Do you want to add to the current engraving? [ynq] (y) y You add to the writing in the dust with a short wand. What do you want to add to the writing in the dust here? E The bugs on the floor slow down! What do you want to call? [ejkmnr-t or ?*] t Call a short wand: slow monster You swap places with your kitten. You swap places with your kitten. u - a potion of water. Hmmm, the large box turns out to be locked. Unlock it with your key? [ynq] (q) y You succeed in unlocking the box. v - a blessed scroll labeled XOR OTA. w - a shining spellbook. You swap places with your kitten. You see here a scroll labeled VELOX NEB. x - a scroll labeled VELOX NEB. You stop. Your kitten is in the way! The kitten picks up a food ration. You see here a smoky potion. The kitten drops a food ration. y - a smoky potion. You see here a food ration. z - a food ration. You swap places with your kitten. You swap places with your kitten. The kitten misses it. The kitten bites it. Where do you want to travel to? (For instructions type a '?') You stop. Your kitten is in the way! Where do you want to travel to? (For instructions type a '?') Can't find dungeon feature '-'. You swap places with your kitten. You hear bubbling water. You feel tough! You must have been leading a healthy life-style. You hear someone counting gold coins. You descend the stairs. The gnome thrusts one of his daggers. The gnome hits! The gnome thrusts one of his daggers. The gnome hits! You die... Do you want your possessions identified? [ynq] (y) q Inventory: Coins $ - 7 gold pieces Weapons q - a +0 dagger a - a blessed +1 mace (weapon in hand) Armor c - a +0 small shield (being worn) b - a +0 robe (being worn) Comestibles p - a slime mold l - a clove of garlic z - a food ration i - a sprig of wolfsbane o - a tripe ration Scrolls v - a blessed scroll of enchant armor x - a scroll of teleportation Spellbooks g - a spellbook of detect monsters w - a spellbook of extra healing h - a spellbook of light Potions r - a potion of booze y - a potion of gain ability d - 4 potions of holy water u - a potion of water Wands t - a wand of slow monster (0:6) Tools F - an oil lamp e - a skeleton key Gems/Stones j - a jet stone m - a cursed worthless piece of black glass s - a worthless piece of green glass k - a worthless piece of orange glass n - a cursed worthless piece of red glass Tromix the Priest's attributes: Background: You were an Aspirant, a level 1 human Priest. You were lawful, on a mission for Blind Io who was opposed by The Lady (neutral) and Offler (chaotic). You were in the Gnomish Mines, on level 3. You entered the dungeon 617 turns ago. You had 16 experience points, 4 more were needed to attain level 2. Basics: You had 0 out of 14 hit points. You had all 7 energy points (spell power). Your armor class was 7. Your wallet contained 7 zorkmids. Autopickup was off. Final Characteristics: Your strength was 11 (limit:18/100). Your dexterity was 11 (limit:18). Your constitution was 13 (limit:18). Your intelligence was 12 (limit:18). Your wisdom was 18 (limit:18). Your charisma was 11 (limit:18). Final Status: You were not hungry. You were unencumbered. You were wielding a mace. You had basic skill with mace. Final Attributes: You were fervently aligned. You were guarded. You are dead. Miscellaneous: You disabled loading of bones levels. Total elapsed playing time was 3 minutes and 40 seconds. Major events: Turn 1: tromix the lawful human Priest entered the dungeon 402: entered the Gnomish Mines 617: killed by a gnome Vanquished creatures: a gnome a goblin 4 grid bugs 2 lichens 2 newts 10 creatures vanquished. No species were genocided or became extinct. Voluntary challenges: You went without food. You were an atheist. You read items or engraved 2 times. You never engraved Elbereth. You never genocided any monsters. You never polymorphed an object. You never changed form. You used no wishes. Achievements: You entered a shop. You entered the Gnomish Mines. The Dungeons of Doom: levels 1 to 3 Level 1: Level 2: A general store, many fountains, a grave. Stairs down to The Gnomish Mines. Level 3: The Gnomish Mines: Level 3: <- You were here. Final resting place for you, killed by a gnome. Game over: ---------- / \ / REST \ / IN \ / PEACE \ / \ | tromix | | 7 Au | | killed by a | | gnome | | | | | | 2023 | *| * * * | * _________)/\\_//(\/(/\)/\//\/|_)_______ Goodbye tromix the Priest... You died in The Gnomish Mines on dungeon level 3 with 171 points, and 7 pieces of gold, after 617 moves. You were level 1 with a maximum of 14 hit points when you died.